 Dungeon Crawl Stone Soup version 0.31-a0-89-g637a80eef8 (webtiles) character file.

Game seed: 16947515747450072314

143 Kenran the Shooter (level 5, -3/25 HPs)
             Began as a Spriggan Hunter on May 25, 2023.
             Slain by an orc priest
             ... wielding a +0 club
              (5 damage)
             ... on level 3 of the Dungeon.
             The game lasted 00:03:15 (1532 turns).

Kenran the Shooter (Spriggan Hunter)                Turns: 1532, Time: 00:03:16

Health: -3/25      AC:  2    Str:  7    XL:     5   Next: 4%
Magic:  6/6        EV: 18    Int: 11    God:
Gold:   127        SH:  0    Dex: 20    Spells: 4/4 levels left

rFire   . . .        a - +0 shortbow
rCold   . . .        (shield currently unavailable)
rNeg    . . .        c - +0 robe
rPois   .            (helmet restricted)
rElec   .            (no cloak)
rCorr   .            (gloves unavailable)
SInv    +            (boots unavailable)
Will    .....        (no amulet)
Stlth   +++          (no ring)
HPRegen 0.24/turn    (no ring)
MPRegen 0.10/turn

%: no passive effects
@: very quick
A: very small, no large weapons, unfitting armour, see invisible, speed 3
a: no special abilities


You were on level 3 of the Dungeon.
You visited 1 branch of the dungeon, and saw 3 of its levels.

You collected 127 gold pieces.

Inventory:

Hand Weapons
 a - a +0 shortbow (weapon)
Armour
 c - a +0 robe (worn)
Scrolls
 b - a scroll of immolation {!r}
 d - a scroll of blinking
 g - a scroll of teleportation
 h - a scroll of noise {unknown}
 i - a scroll of enchant armour
Potions
 e - a potion of brilliance {unknown}
 f - a potion of haste {unknown}
 j - a potion of lignification {unknown}


   Skills:
 - Level 1.5 Fighting
 + Level 5.5 Ranged Weapons
 - Level 2.6 Dodging
 - Level 5.0 Stealth


You had 4 spell levels left.
You didn't know any spells.
Your spell library contained the following spells:

 Spells                   Type           Power      Damage    Failure   Level
 Apportation              Tloc           0%         N/A       34%         1
 Necrotise                Necr           0%         1d4       34%         1
 Summon Small Mammal      Summ           0%         N/A       34%         1


Dungeon Overview and Level Annotations

Branches:
Dungeon (3/15)

Altars:
Ru


Innate Abilities, Weirdness & Mutations

You are very small and have problems with some larger weapons.
You are too small for most types of armour.
You have supernaturally acute eyesight. (SInv)
You cover ground extremely quickly. (Speed+++)


Message History

The arrow hits the orc priest but does no damage.
The orc priest is lightly wounded.
The orc priest calls down the wrath of Beogh upon you.
Pain shoots through your body! The orc priest closely misses you.
You are too injured to fight recklessly!
Fire: a) +0 shortbow
Press: ? - help, Q - select action Shift-Dir - straight line, f/p - orc priest
Aim: an orc priest, wielding a +0 club and wearing a +0 scale mail (lightly wounded, 68% to hit)
You shoot an arrow.
The arrow hits the orc priest but does no damage.
The orc priest is lightly wounded.
The orc priest hits you with a +0 club.
* * * LOW HITPOINT WARNING * * *
Fire: a) +0 shortbow
Press: ? - help, Q - select action Shift-Dir - straight line, f/p - orc priest
Aim: an orc priest, wielding a +0 club and wearing a +0 scale mail (lightly wounded, 68% to hit)
You shoot an arrow. The arrow hits the orc priest.
The orc priest is heavily wounded.
The orc priest hits you with a +0 club.
* * * LOW HITPOINT WARNING * * *
Fire: a) +0 shortbow
Press: ? - help, Q - select action Shift-Dir - straight line, f/p - orc priest
Aim: an orc priest, wielding a +0 club and wearing a +0 scale mail (heavily wounded, 68% to hit)
You shoot an arrow. The arrow barely misses the orc priest.
The orc priest hits you with a +0 club.
* * * LOW HITPOINT WARNING * * *
Fire: a) +0 shortbow
Press: ? - help, Q - select action Shift-Dir - straight line, f/p - orc priest
Aim: an orc priest, wielding a +0 club and wearing a +0 scale mail (heavily wounded, 68% to hit)
You shoot an arrow.
The arrow hits the orc priest but does no damage.
The orc priest is heavily wounded.
The orc priest misses you.
Fire: a) +0 shortbow
Press: ? - help, Q - select action Shift-Dir - straight line, f/p - orc priest
Aim: an orc priest, wielding a +0 club and wearing a +0 scale mail (heavily wounded, 68% to hit)
You shoot an arrow. The arrow hits the orc priest.
The orc priest is heavily wounded.
The orc priest hits you with a +0 club.
You die...

#..o.o........#####...# ##)#
###.#########..# ##### #.# #..#
##.## ## #o#
....«......#######..#...## #.#
#........................)oo...#
#)..)......#.###.###.#..########
##########.# #.....#.# .#
#.###.#.#.###..#
#..(..@o.......#
#.###.#.#.###..# ...#.#... #
#.###.###.# ... ... ... ##. ...
.(. # ##### ###


You could see an orc priest.

Vanquished Creatures
  An orc wizard (D:3)
  4 adders
  A worm (D:2)
  14 orcs (D:3)
  3 bats
  3 endoplasms (D:1)
  3 giant cockroaches
  5 goblins
  4 hobgoblins
  6 kobolds
  6 quokkas
  8 ball pythons
  2 frilled lizards
  3 rats
63 creatures vanquished.

Notes
Turn   | Place    | Note
-------+----------+-------------------------------------------
     0 | D:1      | Kenran the Spriggan Hunter began the quest for the Orb.
     0 | D:1      | Reached XP level 1. HP: 10/10 MP: 2/2
    60 | D:1      | You fall into a shaft and drop 1 floor!
   112 | D:2      | Reached XP level 2. HP: 14/14 MP: 3/3
   568 | D:1      | Reached XP level 3. HP: 18/18 MP: 4/4
   628 | D:2      | Reached skill level 5 in Stealth
   816 | D:2      | Reached XP level 4. HP: 22/22 MP: 5/5
  1071 | D:3      | Found a sacrificial altar of Ru.
  1118 | D:3      | Reached skill level 5 in Ranged Weapons
  1497 | D:3      | Reached XP level 5. HP: 23/25 MP: 6/6
  1528 | D:3      | HP: 1/25 [orc priest/+0 club (2)]
  1532 | D:3      | Slain by an orc priest

Illustrated notes

Levels and vault maps discovered:
D:1:      spicycebolla_arrival_clurvy, layout_rooms, minmay_misc_feat_x
D:2:      layout_basic
D:3:      layout_rooms, nicolae_ru_sacrificial_ziggurat, lemuel_blue_sif_altar,
          mainiacjoe_overflow_six_doors_small, serial_corexii_hall,
          corexii_hall_statues_t, chequers_hall_statues_corner_a,
          minmay_misc_feat_roman, minmay_checkerbox, uniq_crazy_yiuf_cottage

Skill      XL: |  1  2  3  4 |
---------------+-------------+-----
Stealth        | 3 4 5 |  5.0
Ranged Weapons | 5 |  5.5
Fighting       | |  1.5
Dodging        | |  2.6

Action                     |  1- 3 |  4- 6 || total
---------------------------+-------+-------++-------
   Fire: Shortbow          |    89 |    85 ||   174
    Use: Scroll            |       |     3 ||     3
  Dodge: Dodged            |    20 |    13 ||    33

Table legend: (Time is in decaauts)
 A = Elapsed time spent in this place.
 B = Non-inter-level travel time spent in this place.
 C = Inter-level travel time spent in this place.
 D = Time resting spent in this place.
 E = Time spent auto-exploring this place.
 F = Levels seen in this place.
 G = Mean time per level.
                   A        B        C        D        E       F      G
               +--------+--------+--------+--------+--------+-----+--------+
         Total |   1167 |   1153 |     14 |    331 |    471 |   3 |  389.0 |
       Dungeon |   1167 |   1153 |     14 |    331 |    471 |   3 |  389.0 |
               +--------+--------+--------+--------+--------+-----+--------+

Top non-repeatable levels by time:
     D:3: 402 daAuts
     D:1: 398 daAuts
     D:2: 366 daAuts
